 Dungeon Crawl Stone Soup version 0.17-a0-2127-g1cb09f6 (webtiles) character file.

29250 Ordine the Cruncher (level 13, 0/183 HPs)
             Began as a Minotaur Gladiator on Oct 21, 2015.
             Was a Believer of Ru.
             Slain by Rupert
             ... wielding a +0 battleaxe of draining
              (20 damage)
             ... on level 5 of the Lair of Beasts.
             The game lasted 00:55:22 (16580 turns).

Ordine the Cruncher (Minotaur Gladiator)           Turns: 16580, Time: 00:55:22

Health: 0/183      AC: 26    Str: 21    XL:     13   Next: 14%
Magic:  10/10      EV:  2    Int:  4    God:    Ru [**....]
Gold:   1577       SH:  0    Dex: 16    Spells: 0 memorised, 12 levels left

rFire  . . .     SeeInvis .     B - +0 lajatang
rCold  . . .     Clarity  .     (armour currently unavailable)
rNeg   + + +     SustAt   +     (no shield)
rPois  +         Gourm    +     (helmet currently unavailable)
rElec  .         Spirit   .     (cloak currently unavailable)
rCorr  .         Warding  .     (gloves currently unavailable)
rMut   .         NoTele   +     (boots currently unavailable)
MR     .....                    y - amulet of the gourmand
Stlth  ..........               x - ring of sustain attributes
                                w - ring of poison resistance

@: tree-form, very slightly contaminated, hasted, heavily drained, very quick,
not resistant to hostile enchantments, extremely unstealthy
A: (retaliatory headbutt), (horns 0), low mp 1, no stealth, slow reflexes 1
a: Renounce Religion


You were on level 5 of the Lair of Beasts.
You worshipped Ru.
Ru was pleased with you.
You were very full.
You were a tree.
You visited 3 branches of the dungeon, and saw 15 of its levels.
You also visited: Sewer.

You collected 1577 gold pieces.

Inventory:

Hand Weapons
 a - a +2 quarterstaff
 B - a +0 lajatang (weapon)
Missiles
 d - 5 throwing nets (quivered)
Armour
 c - a +0 hat (melded)
 l - a +2 plate armour of cold resistance (melded)
 r - a +0 pair of boots (melded)
 E - a troll hide {Snorg}
 G - the +1 ratskin cloak {rPois rN+ Int-1 Dex-1}
   (You found it on level 5 of the Lair of Beasts)

   It affects your intelligence (-1).
   It affects your dexterity (-1).
   It protects you from poison.
   It protects you from negative energy.
 H - the +3 pair of gauntlets of War (melded) {Slay+5}
   (You found it on level 7 of the Dungeon)

   It affects your accuracy and damage with ranged weapons and melee attacks
   (+5).
Magical Staves
 t - an uncursed staff of earth
Jewellery
 q - an uncursed amulet of resist mutation
 w - a ring of poison resistance (left branch)
 x - a ring of sustain attributes (right branch)
 y - an amulet of the gourmand (around neck)
 A - an uncursed ring of teleportation
Wands
 e - a wand of draining (6)
 s - a wand of polymorph (9)
 M - a wand of paralysis (11)
Scrolls
 f - 2 scrolls of immolation
 i - 4 scrolls of blinking
 j - 5 scrolls of remove curse
 m - 2 scrolls of fog
 v - a scroll of magic mapping
 C - 8 scrolls of teleportation
Potions
 b - 4 potions of curing
 h - 5 potions of haste
 n - 7 potions of flight
 o - 2 potions of cancellation
 z - 2 potions of lignification
Comestibles
 g - 17 fruits
 p - a beef jerky
 u - 2 meat rations
 D - 4 chunks of flesh
 F - 11 slices of pizza


   Skills:
 + Level 13.0(9.9) Fighting
 - Level 14.0(10.7) Staves
 - Level 2.0(0.0) Throwing
 + Level 12.8(9.7) Armour
 + Level 12.5(9.4) Dodging
 + Level 0.1(0.0) Evocations


You had 12 spell levels left.
You didn't know any spells.

Dungeon Overview and Level Annotations

Branches:
Dungeon (9/15)             Temple (1/1) D:5            Lair (5/8) D:8
 Shoals (0/4) Lair:4
  Snake: Lair:3-6    Spider: Lair:3-6       Orc: D:9-12

Altars:
Ashenzari
Cheibriados
Dithmenos
Elyvilon
Fedhas
Gozag
Kikubaaqudgha
Makhleb
Nemelex Xobeh
Okawaru
Qazlal
Ru
Sif Muna
Trog
Vehumet
Xom
Yredelemnul
Zin
The Shining One

Annotations:
Lair:5 Rupert


Innate Abilities, Weirdness & Mutations

((You reflexively headbutt those who attack you in melee.))
((You have a pair of horns on your head.))
Your magical capacity is low (-10% MP).
You cannot be stealthy.
You have somewhat slow reflexes. (-3 EV)


Message History

Rupert hits you with a battleaxe of draining!
* * * LOW HITPOINT WARNING * * *
You are very lightly contaminated with residual magic.
Level annotation: Rupert Welcome back, Ordine the Minotaur Gladiator.
Ru says: Sacrifice that you might gain great power!
Press ? for a list of commands and other information.
You closely miss Rupert.
Rupert is heavily wounded.
Rupert hits you with a battleaxe of draining!
* * * LOW HITPOINT WARNING * * *
You hit Rupert.
Rupert is heavily wounded.
You hit Rupert but do no damage.
Rupert is heavily wounded.
Rupert hits you but does no damage.
You closely miss Rupert.
Rupert is heavily wounded.
Rupert hits you with a battleaxe of draining!!
You die...

............#.P##....#...##......
........P#..# ##....#...........
####.....#### ##...P.P.#...#...
###...# #.....†...####.+. #..P##
#..P#.P.#.## ##.. #
##..#########.....#### #.P #
###..#...##.# ##..#.PP ....
###..........####....... #.....
.#...........P#.♣@...... .......
..#............"#....... ........
..........>..........$.. ###.#...
#....................... ##....
###.....................
##.........P##........
###.......## ##....÷# ##..####.#
#..... #..P## ## P...


You could see Rupert (berserk).

Vanquished Creatures
  Kirke (Lair:5)
  Maud (Lair:3)
  Snorg (Lair:5)
  3 hydras
  An ice dragon (Lair:4)
  The ghost of Ohli the Protected, a novice MiMo of the Shining One (D:6)
  A griffon (Lair:4)
  3 black mambas (Lair:5)
  A manticore (Lair:4)
  7 spiny frogs
  4 komodo dragons
  7 fire drakes
  A polar bear (Lair:3)
  7 blink frogs
  A troll (D:9)
  A two-headed ogre (D:7)
  12 hippogriffs
  4 wyverns
  4 hogs (Lair:5)
  9 yaks (Lair:2)
  9 basilisks
  A steam dragon (D:9)
  A hungry ghost (D:7)
  11 water moccasins
  5 wolves
  3 orc warriors
  8 porcupines
  2 ice beasts
  Purgy (Sewer)
  3 phantoms
  3 ogres
  3 centaurs
  6 crocodiles
  3 scorpions
  A wyvern skeleton (D:6)
  16 giant frogs
  A water moccasin skeleton (D:5)
  4 wights (D:9)
  3 crimson imps
  5 orc priests
  A centaur zombie (D:6)
  2 giant frog zombies
  2 quasits
  A gnoll shaman (D:7)
  6 hounds
  4 orc wizards
  11 iguanas
  2 worker ants
  12 sheep
  A hound skeleton (D:5)
  9 adders
  16 gnolls
  30 river rats
  2 shadow imps
  15 white imps
  An ooze (D:3)
  4 worms
  2 adder skeletons
  3 giant geckos
  24 orcs
  4 giant cockroaches
  3 goblins
  2 hobgoblins
  13 jackals
  2 quokkas (D:7)
  A ball python (D:1)
  3 bats
  A giant gecko skeleton (D:4)
  A giant gecko zombie (D:3)
  10 giant newts
  5 kobolds
  3 quokka skeletons
  4 rats
359 creatures vanquished.

Vanquished Creatures (others)
  2 hydras
  A blink frog (Lair:5)
  2 humans (Lair:5)
  A wolf (Lair:4)
  A giant frog (Lair:5)
  3 river rats (Lair:5)
  14 fungi
  A plant (Lair:4)
25 creatures vanquished.

Grand Total: 384 creatures vanquished

Notes
Turn   | Place    | Note
--------------------------------------------------------------
     0 | D:1      | Ordine the Minotaur Gladiator began the quest for the Orb.
     0 | D:1      | Reached XP level 1. HP: 18/18 MP: 0/0
    52 | D:1      | Reached skill level 4 in Staves
    56 | D:1      | Reached XP level 2. HP: 9/25 MP: 1/1
   573 | D:2      | Found a sparkling altar of Nemelex Xobeh.
   622 | D:2      | Found an iron altar of Okawaru.
   899 | D:2      | Found a faded altar to an unknown god.
  1068 | D:2      | Reached skill level 5 in Staves
  1068 | D:2      | Reached XP level 3. HP: 18/30 MP: 2/2
  1359 | D:3      | Reached XP level 4. HP: 34/37 MP: 3/3
  1365 | D:3      | Reached skill level 6 in Staves
  1442 | D:3      | Found a glowing silver altar of Zin.
  1511 | D:3      | Found a glowing drain.
  1518 | Sewer    | Entered a sewer
  1586 | Sewer    | Noticed Purgy
  1596 | Sewer    | Reached XP level 5. HP: 38/42 MP: 4/4
  1605 | Sewer    | Killed Purgy
  1605 | Sewer    | Reached skill level 7 in Staves
  2131 | D:3      | Reached skill level 8 in Staves
  2377 | D:4      | Reached XP level 6. HP: 50/50 MP: 5/5
  2920 | D:5      | Entered Level 5 of the Dungeon
  3050 | D:5      | Reached skill level 9 in Staves
  3134 | D:5      | Found a shadowy altar of Dithmenos.
  3227 | D:5      | Found a shimmering altar of Xom.
  3247 | D:5      | Found a staircase to the Ecumenical Temple.
  3265 | Temple   | Entered the Ecumenical Temple
  3516 | D:5      | Reached XP level 7. HP: 56/56 MP: 6/6
  3931 | D:5      | Noticed a water moccasin
  3936 | D:5      | Killed a water moccasin
  3936 | D:5      | Reached skill level 10 in Staves
  4177 | D:6      | Reached skill level 11 in Staves
  4220 | D:6      | Gained mutation: You are weak. (Str -2) [potion of mutation]
  4220 | D:6      | Gained mutation: You are clumsy. (Dex -2) [potion of mutation]
  4290 | D:6      | Reached XP level 8. HP: 36/62 MP: 7/7
  4373 | D:6      | Noticed Ohli's ghost (novice MiMo)
  4421 | D:6      | Killed Ohli's ghost
  4421 | D:6      | Reached skill level 12 in Staves
  4736 | D:6      | Found a snail-covered altar of Cheibriados.
  4771 | D:6      | Reached skill level 13 in Staves
  5059 | D:6      | Found a sacrificial altar of Ru.
  5067 | D:6      | Became a worshipper of Ru the Awakened
  5104 | D:6      | Found a stormy altar of Qazlal.
  5524 | D:6      | Reached XP level 9. HP: 25/68 MP: 8/8
  5925 | D:7      | Reached skill level 14 in Staves
  6106 | D:7      | Reached skill level 1 in Armour
  6108 | D:7      | Got a faintly glowing steel ring
  6110 | D:7      | Identified the ring "Rerresho" {+/*Tele rPois Int+6 Dex+3 Stlth-} (You found it on level 7 of the Dungeon)
  6275 | D:7      | Found a glowing golden altar of the Shining One.
  6498 | D:7      | Gained mutation: You have somewhat slow reflexes. (-3 EV) [Ru sacrifice]
  6498 | D:7      | Reached * piety under Ru
  6849 | D:7      | Reached skill level 5 in Dodging
  7315 | D:8      | Reached skill level 5 in Fighting
  7602 | D:8      | Found a staircase to the Lair.
  7866 | D:9      | Reached skill level 5 in Armour
  7903 | D:9      | Got a fine robe
  7914 | D:9      | Identified the cursed +0 robe of Uloise {+Fly rCorr} (You found it on level 9 of the Dungeon)
  7942 | D:9      | Reached XP level 10. HP: 36/83 MP: 9/9
  8590 | Lair:1   | Entered Level 1 of the Lair of Beasts
  8601 | Lair:1   | Got a steaming falchion
  8602 | Lair:1   | Identified the cursed +3 falchion of the Fool {slice, rF+ MP-9 Str+2 SInv} (You found it on level 1 of the Lair of Beasts)
  8688 | Lair:1   | Gained mutation: You cannot be stealthy. [Ru sacrifice]
  9515 | Lair:2   | Noticed an eight-headed hydra
  9552 | Lair:2   | Killed an eight-headed hydra
  9691 | Lair:2   | Got a crude tin ring
  9693 | Lair:2   | Identified the ring of Bukitoec {rElec rPois rF- Stlth-} (You found it on level 2 of the Lair of Beasts)
  9705 | Lair:2   | Found a frozen archway.
  9867 | Lair:2   | Lost mutation: You are clumsy. (Dex -2) [helix card]
  9867 | Lair:2   | Gained mutation: Your body sometimes deteriorates upon taking damage. [helix card]
  9888 | Lair:2   | Gained mutation: You are agile. (Dex +2) [potion of mutation]
  9888 | Lair:2   | Gained mutation: You can spit weak poison. [potion of mutation]
  9892 | Lair:2   | Drew Focus: Str increased to 20, Int decreased to 4
  9906 | Lair:2   | Reached XP level 11. HP: 66/95 MP: 10/10
 10415 | Lair:2   | Lost mutation: You are weak. (Str -2) [potion of cure mutation]
 10415 | Lair:2   | Lost mutation: Your body sometimes deteriorates upon taking damage. [potion of cure mutation]
 10415 | Lair:2   | Lost mutation: You are agile. (Dex +2) [potion of cure mutation]
 10415 | Lair:2   | Lost mutation: You can spit weak poison. [potion of cure mutation]
 11383 | Lair:3   | Noticed Maud
 11407 | Lair:3   | Killed Maud
 11441 | Lair:3   | Reached skill level 10 in Fighting
 11486 | Lair:3   | Reached skill level 10 in Dodging
 11671 | Lair:3   | Reached skill level 10 in Armour
 12304 | Lair:4   | Noticed an ice dragon
 12316 | Lair:4   | Killed an ice dragon
 12698 | Lair:4   | Noticed an eight-headed hydra
 12709 | Lair:4   | Killed an eight-headed hydra
 12709 | Lair:4   | Reached XP level 12. HP: 39/108 MP: 11/11
 13608 | Lair:4   | Found a staircase to the Shoals.
 13959 | Lair:5   | Noticed an eight-headed hydra
 13967 | Lair:5   | Killed an eight-headed hydra
 13971 | Lair:5   | Noticed an eight-headed hydra
 13986 | Lair:5   | Killed an eight-headed hydra
 15653 | Lair:5   | Noticed Kirke
 15668 | Lair:5   | Noticed a sphinx
 15997 | Lair:5   | Killed Kirke
 16065 | Lair:5   | Noticed Snorg
 16076 | Lair:5   | Killed Snorg
 16076 | Lair:5   | Reached XP level 13. HP: 112/119 MP: 12/12
 16104 | Lair:5   | Noticed a five-headed hydra
 16116 | Lair:5   | Killed a five-headed hydra
 16311 | Lair:5   | Gained mutation: Your magical capacity is low (-10% MP). [Ru sacrifice]
 16311 | Lair:5   | Reached ** piety under Ru
 16555 | Lair:5   | Noticed Rupert
 16580 | Lair:5   | Slain by Rupert

Vault maps used:
D:1:      dpeg_arrival_ternary
D:2:      nicolae_overflow_crystal_walls, overflow_temple_1_default,
          first_bread, ecumenical_altar_2
D:3:      lightli_sewer_entry_pipes, lemuel_tele_altar
D:4:      guppyfry_early_lair_pool
D:5:      overflow_temple_1_default, minmay_temple_entry_large_hall,
          xom_teletrap_fun
D:6:      lemuel_crystal_altar, nicolae_ru_sacrificial_ziggurat,
          grunt_ministairs_2, nicolae_qazlal_eye_of_the_storm
D:7:      lemuel_coloured_pillars_altar
D:8:      lair_0_dummy, grunt_pizzeria
Temple:   chambers_temple_12
Lair:1:   bh_autumn_forest_stairs
Lair:2:   portal_ice_cave_entry_imps
Lair:3:   small_statue_intersection, eino_small_chamber_without_monster,
          grunt_forest_large_clearings, uniq_maud
Lair:4:   minmay_shoals_entry_beasts, small_statue_intersection,
          bobbens_ice_dragon_lair
Lair:5:   serial_bayou_shore_b, uniq_kirke, uniq_snorg, uniq_rupert
Sewer:    sewer_co_purgy_island

Action                   |  1- 3 |  4- 6 |  7- 9 | 10-12 | 13-15 || total
-------------------------+-------+-------+-------+-------+-------++-------
Melee: Quarterstaff      |    68 |   157 |   395 |   558 |    15 ||  1193
       Falchion          |       |       |       |     2 |       ||     2
       Lajatang          |       |       |       |    47 |    35 ||    82
       Unarmed           |       |       |       |     5 |       ||     5
Throw: Throwing net      |       |     1 |     1 |       |       ||     2
Invok: Sacrifice Health  |       |       |     1 |       |       ||     1
       Sacrifice Stealth |       |       |       |     1 |       ||     1
       Reject Sacrifices |       |       |       |     1 |       ||     1
       Sacrifice Essence |       |       |       |       |     1 ||     1
Evoke: Deck              |       |       |       |     7 |       ||     7
       Wand              |       |       |       |     7 |       ||     7
  Use: Scroll            |     4 |     8 |     9 |    11 |     2 ||    34
       Potion            |       |       |     6 |     5 |     4 ||    15
 Stab: Held in net/web   |       |     1 |       |       |       ||     1
       Paralysed         |       |       |       |    13 |       ||    13
  Eat: Chunk             |     1 |     7 |    21 |    34 |     1 ||    64
       Royal jelly       |       |       |     1 |       |       ||     1
       Beef jerky        |       |       |     1 |       |       ||     1
